[Event "European Womens-ch 2025"]
[Site "Rhodes"]
[Date "2025.04.05"]
[Round "6.41"]
[White "Stefanova, Antoaneta"]
[Black "Vidic, Teja"]
[Result "0-1"]
[Annotator "RC"]
[ECO "D11"]
[WhiteElo "2426"]
[BlackElo "2100"]
[PlyCount "92"]
[EventDate "2025.03.29"]
[EventType "swiss"]
[EventCountry "GRE"]
[SourceTitle "playchess.com"]
[Source "ChessBase"]
[SourceQuality "1"]
[TimeControl "40/5400+30:1800+30"]

1. Nf3 d5 2. g3 Bg4 3. Bg2 e6 4. c4 c6 5. O-O Nf6 6. d4 Nbd7 7. h3 Bh5 8. Qb3 Qb6 9. Nc3 Be7 10. Nh4 Bg6 11. Nxg6 hxg6 12. Rd1 O-O 13. g4 Rfe8 14. g5 Nh7 15. h4 Qa6 16. cxd5 exd5 17. e4 dxe4 18. Bxe4 Nhf8 19. h5 gxh5 20. g6 Ne6 21. gxf7+ Kxf7 22. Bf5 Ndf8 23. Re1 c5 24. Nb5 Qb6 25. Bf4 Rac8 26. d5 Nxf4 27. d6+ c4 28. Rxe7+ Rxe7 29. Qf3 Qxb5 30. Qxf4 Ng6 31. Qg5 Re5 32. Qxg6+ Kf8 33. Qxh5 Rxf5 34. Qh8+ Kf7 35. Qxc8 Rg5+ 36. Kh2 Qe5+ 37. Kh3 Rh5+ 38. Kg4 Qg5+ 39. Kf3 Qd5+ 40. Kg4 Qg5+ 41. Kf3 Qf6+ 42. Kg2 Qg6+ 43. Kf3 Qd3+ 44. Kf4 g5+ 45. Ke5 g4+ 46. Kf4 Qf3# 0-1

[Event "European Womens-ch 2025"]
[Site "Rhodes"]
[Date "2025.04.05"]
[Round "6.42"]
[White "Khurtsilava, Inga"]
[Black "Sivanandan, Bodhana"]
[Result "1/2-1/2"]
[Annotator "ChessBase"]
[ECO "D04"]
[WhiteElo "2214"]
[BlackElo "2073"]
[PlyCount "122"]
[EventDate "2025.03.29"]
[EventType "swiss"]
[EventCountry "GRE"]
[SourceTitle "playchess.com"]
[Source "ChessBase"]
[SourceQuality "1"]
[TimeControl "40/5400+30:1800+30"]

1. d4 d5 2. Nf3 Nf6 3. e3 c6 4. Bd3 Bg4 5. h3 Bh5 6. g4 Bg6 7. Ne5 e6 8. Nd2 Nbd7 9. Nxg6 hxg6 10. g5 Ng8 11. f4 Bd6 12. c4 Bb4 13. Qb3 Qb6 14. Qc2 Ne7 15. a3 Bxd2+ 16. Bxd2 c5 17. cxd5 cxd4 18. exd4 Nxd5 19. Qa4 a6 20. O-O-O Qd6 21. Kb1 O-O-O 22. Ba5 Rde8 23. Be4 Kb8 24. Qb3 Rc8 25. Ka1 Ka7 26. Rhf1 N7b6 27. Bxb6+ Nxb6 28. Rf3 Rhd8 29. Rf2 Rc4 30. Qf3 Nd5 31. h4 Qb6 32. Rfd2 Qc7 33. Kb1 Qd7 34. Qb3 Rc6 35. Qf3 Rd6 36. h5 gxh5 37. Bxd5 exd5 38. f5 g6 39. Rf2 Re8 40. Rc1 Rc6 41. Rc5 Rxc5 42. dxc5 Qe7 43. Rc2 Qe4 44. Qb3 Rc8 45. Qb6+ Ka8 46. fxg6 fxg6 47. b4 d4 48. Qd6 d3 49. Rb2 d2+ 50. Ka1 Qe1+ 51. Rb1 Qc1 52. Ka2 Qc2+ 53. Ka1 h4 54. Qd7 Rf8 55. c6 bxc6 56. a4 Qxa4+ 57. Kb2 Qxb4+ 58. Kc2 Qc4+ 59. Kb2 Rb8+ 60. Ka3 Rxb1 61. Qa7+ Kxa7 1/2-1/2

[Event "European Womens-ch 2025"]
[Site "Rhodes"]
[Date "2025.04.05"]
[Round "6.43"]
[White "Paasikangas, Johanna"]
[Black "Lach, Aleksandra"]
[Result "0-1"]
[Annotator "ChessBase"]
[ECO "A85"]
[WhiteElo "2106"]
[BlackElo "2208"]
[PlyCount "46"]
[EventDate "2025.03.29"]
[EventType "swiss"]
[EventCountry "GRE"]
[SourceTitle "playchess.com"]
[Source "ChessBase"]
[SourceQuality "1"]
[TimeControl "40/5400+30:1800+30"]

1. d4 e6 2. c4 f5 3. Nc3 Nf6 4. Nf3 Be7 5. e3 b6 6. Bd3 Bb7 7. Rb1 a5 8. a3 O-O 9. b4 axb4 10. axb4 Ne4 11. Bxe4 fxe4 12. Nd2 d5 13. O-O Rf6 14. c5 bxc5 15. dxc5 Nd7 16. f3 Ne5 17. fxe4 d4 18. exd4 Qxd4+ 19. Kh1 Qxc3 20. Bb2 Rxf1+ 21. Nxf1 Qd3 22. Nd2 Ng6 23. Qe1 Bh4 0-1

[Event "European Womens-ch 2025"]
[Site "Rhodes"]
[Date "2025.04.05"]
[Round "6.44"]
[White "Ter-Avetisjana, Agnesa Stepania"]
[Black "Dwilewicz, Katarzyna"]
[Result "1/2-1/2"]
[Annotator "ChessBase"]
[ECO "C00"]
[WhiteElo "2100"]
[BlackElo "2203"]
[PlyCount "112"]
[EventDate "2025.03.29"]
[EventType "swiss"]
[EventCountry "GRE"]
[SourceTitle "playchess.com"]
[Source "ChessBase"]
[SourceQuality "1"]
[TimeControl "40/5400+30:1800+30"]

1. e4 c5 2. Nf3 e6 3. g3 Nc6 4. Bg2 Nf6 5. d3 d5 6. Qe2 Be7 7. O-O b6 8. e5 Nd7 9. c4 Nf8 10. h4 Bb7 11. Nc3 d4 12. Nb1 h6 13. Nh2 Nd7 14. f4 Qc7 15. Nd2 O-O-O 16. Ne4 f5 17. exf6 gxf6 18. f5 e5 19. Ng4 h5 20. Nh6 Rh7 21. Qxh5 Rdh8 22. g4 Nb4 23. g5 Nxd3 24. g6 Rg7 25. Bd2 Nf4 26. Rxf4 exf4 27. Rf1 f3 28. Qxf3 Ne5 29. Qg3 Bxe4 30. Bxe4 Nxc4 31. Bf4 Bd6 32. Bd5 Bxf4 33. Rxf4 Ne5 34. Ng4 Nxg4 35. Qxg4 Rd8 36. Be6+ Kb8 37. h5 d3 38. h6 d2 39. Rf1 Rd4 40. Qf3 Rh4 41. Rf2 Rxh6 42. Rxd2 Rh8 43. Kf1 Qe5 44. Rf2 Rd8 45. Bf7 Qc7 46. Qf4 Qxf4 47. Rxf4 Kc7 48. Re4 Rd7 49. Ke2 Rdxf7 50. gxf7 Rxf7 51. Re6 Rh7 52. Kd3 Rd7+ 53. Ke3 Rd6 54. Re7+ Kb8 55. Re8+ Kb7 56. Re7+ Kb8 1/2-1/2

[Event "European Womens-ch 2025"]
[Site "Rhodes"]
[Date "2025.04.05"]
[Round "6.45"]
[White "Schloffer, Jasmin-Denise"]
[Black "Bochnickova, Andrea"]
[Result "1/2-1/2"]
[Annotator "ChessBase"]
[ECO "A59"]
[WhiteElo "2188"]
[BlackElo "2051"]
[PlyCount "91"]
[EventDate "2025.03.29"]
[EventType "swiss"]
[EventCountry "GRE"]
[SourceTitle "playchess.com"]
[Source "ChessBase"]
[SourceQuality "1"]
[TimeControl "40/5400+30:1800+30"]

1. d4 Nf6 2. c4 c5 3. d5 b5 4. cxb5 a6 5. bxa6 Bxa6 6. Nc3 g6 7. e4 Bxf1 8. Kxf1 d6 9. Nf3 Bg7 10. g3 O-O 11. Kg2 Nbd7 12. a4 Qb6 13. Qe2 Qa6 14. Qxa6 Rxa6 15. Ra3 Rb8 16. Re1 Ng4 17. Nb5 Nge5 18. Nc7 Rab6 19. Nd2 c4 20. Rd1 R6b7 21. Nb5 Nc5 22. f4 c3 23. bxc3 Ng4 24. c4 f5 25. h3 Nh6 26. Re1 fxe4 27. Nxe4 Nf5 28. Nxc5 dxc5 29. Be3 Bd4 30. Bxd4 cxd4 31. Kf3 Rc8 32. a5 Rxc4 33. a6 Rb8 34. a7 Ra8 35. Rb1 Kf7 36. g4 Ne3 37. Nxd4 Nxd5 38. Rb8 Rxa7 39. Rxa7 Rxd4 40. Rd8 Rxf4+ 41. Kg3 Rd4 42. g5 Ke6 43. Rh8 Rd3+ 44. Kh2 Kf5 45. Rxh7 Kxg5 46. Rhxe7 1/2-1/2

[Event "European Womens-ch 2025"]
[Site "Rhodes"]
[Date "2025.04.05"]
[Round "6.46"]
[White "Bochnickova, Simona"]
[Black "Krkyasharyan, Sona"]
[Result "0-1"]
[Annotator "ChessBase"]
[ECO "B97"]
[WhiteElo "2167"]
[BlackElo "1989"]
[PlyCount "78"]
[EventDate "2025.03.29"]
[EventType "swiss"]
[EventCountry "GRE"]
[SourceTitle "playchess.com"]
[Source "ChessBase"]
[SourceQuality "1"]
[TimeControl "40/5400+30:1800+30"]

1. e4 c5 2. Nf3 d6 3. d4 cxd4 4. Nxd4 Nf6 5. Nc3 a6 6. Bg5 e6 7. f4 Qb6 8. Qd2 Qxb2 9. Rb1 Qa3 10. e5 dxe5 11. fxe5 h6 12. Bh4 Nfd7 13. Be2 Bb4 14. Rb3 Qa5 15. Nxe6 Nc5 16. Nxg7+ Kf8 17. Rxb4 Qxb4 18. Qd8+ Kxg7 19. Qf6+ Kg8 20. O-O Qd4+ 21. Kh1 Be6 22. Rf3 Kh7 23. Bf2 Qd8 24. Bxc5 Qxf6 25. exf6 Rc8 26. Bd3+ Kh8 27. Ne4 Nd7 28. Bd4 Rc6 29. c3 Rd8 30. Bb1 Ne5 31. Rf1 Nc4 32. Rf4 Na3 33. Bd3 Bxa2 34. Nd2 Nb5 35. Bxb5 axb5 36. Rh4 b4 37. c4 b3 38. h3 b2 39. Be3 Rxd2 0-1

[Event "European Womens-ch 2025"]
[Site "Rhodes"]
[Date "2025.04.05"]
[Round "6.47"]
[White "Eric, Jovana"]
[Black "Korenova, Martina"]
[Result "1-0"]
[Annotator "ChessBase"]
[ECO "C54"]
[WhiteElo "2147"]
[BlackElo "2045"]
[PlyCount "117"]
[EventDate "2025.03.29"]
[EventType "swiss"]
[EventCountry "GRE"]
[SourceTitle "playchess.com"]
[Source "ChessBase"]
[SourceQuality "1"]
[TimeControl "40/5400+30:1800+30"]

1. e4 e5 2. Nf3 Nc6 3. Bc4 Bc5 4. c3 Nf6 5. d3 d6 6. O-O O-O 7. h3 a6 8. a4 Ba7 9. Re1 Ne7 10. d4 Ng6 11. Bd3 Nh5 12. Bg5 Qe8 13. Be3 Bd7 14. Nbd2 Nhf4 15. Bf1 Kh8 16. Kh2 c6 17. g3 Ne6 18. Nc4 exd4 19. Nxd4 d5 20. exd5 cxd5 21. Nd6 Qe7 22. N6f5 Qf6 23. Bg2 Nc5 24. Qc2 Ne5 25. Nh4 Be6 26. f4 Nc4 27. f5 Nxe3 28. Rxe3 Bd7 29. Bxd5 Rfe8 30. Rxe8+ Rxe8 31. b4 Bb8 32. bxc5 Qxh4 33. Qf2 Qe7 34. c6 bxc6 35. Bxc6 Bxc6 36. Nxc6 Qc7 37. Nxb8 Rxb8 38. Rc1 Qe5 39. Rc2 Qe4 40. c4 h6 41. f6 g5 42. c5 Qxa4 43. c6 Rc8 44. c7 Qe4 45. Qc5 Qb7 46. Qd6 Kh7 47. Qd7 Kg6 48. Qd3+ Kxf6 49. Rf2+ Ke7 50. Qa3+ Ke6 51. Qa2+ Ke5 52. Qe2+ Kd4 53. Qg4+ Kc5 54. Rf5+ Kc6 55. Qe4+ Kb6 56. Qd4+ Kc6 57. Rc5+ Kb6 58. Rc2+ Ka5 59. Ra2+ 1-0

[Event "European Womens-ch 2025"]
[Site "Rhodes"]
[Date "2025.04.05"]
[Round "6.48"]
[White "Shuqja, Klean"]
[Black "Zaksaite, Salomeja"]
[Result "0-1"]
[Annotator "NA"]
[ECO "B04"]
[WhiteElo "2049"]
[BlackElo "2137"]
[PlyCount "88"]
[EventDate "2025.03.29"]
[EventType "swiss"]
[EventCountry "GRE"]
[SourceTitle "playchess.com"]
[Source "ChessBase"]
[SourceQuality "1"]
[TimeControl "40/5400+30:1800+30"]

1. e4 Nf6 2. e5 Nd5 3. d4 d6 4. Nf3 dxe5 5. Nxe5 c6 6. Be2 Bf5 7. O-O Nd7 8. Nd3 e6 9. Nd2 Be7 10. Nf3 O-O 11. h3 Bf6 12. c4 N5b6 13. Qb3 Bxd3 14. Qxd3 c5 15. d5 exd5 16. cxd5 c4 17. Qf5 Re8 18. Qc2 Rc8 19. Rd1 c3 20. b4 Rxe2 21. Qxe2 c2 22. Rd4 Bxd4 23. Nxd4 Qf6 24. Qe4 Qe5 25. Qxe5 Nxe5 26. d6 Kf8 27. Kf1 Ke8 28. Ke2 Rc4 29. Be3 Nd5 30. Kd2 Nxb4 31. Nb3 b6 32. a3 Nd5 33. Nd4 Nxe3 34. fxe3 c1=Q+ 35. Rxc1 Rxc1 36. Kxc1 Kd7 37. Nc2 Kxd6 38. Kd2 Kc5 39. Kc3 b5 40. e4 Nc4 41. Kd3 a5 42. g4 g5 43. Ke2 b4 44. axb4+ axb4 0-1

[Event "European Womens-ch 2025"]
[Site "Rhodes"]
[Date "2025.04.05"]
[Round "6.49"]
[White "Donghvani, Nia"]
[Black "Ciolacu, Alessia-Mihaela"]
[Result "1-0"]
[Annotator "NA"]
[ECO "C71"]
[WhiteElo "2025"]
[BlackElo "2136"]
[PlyCount "77"]
[EventDate "2025.03.29"]
[EventType "swiss"]
[EventCountry "GRE"]
[SourceTitle "playchess.com"]
[Source "ChessBase"]
[SourceQuality "1"]
[TimeControl "40/5400+30:1800+30"]

1. e4 e5 2. Nf3 Nc6 3. Bb5 a6 4. Ba4 d6 5. c4 Bd7 6. Nc3 g6 7. d4 Bg7 8. d5 Nb8 9. Bxd7+ Nxd7 10. Be3 h6 11. Qc2 Ne7 12. g4 h5 13. gxh5 Rxh5 14. O-O-O Bh6 15. Bxh6 Rxh6 16. Kb1 Ng8 17. h4 Qe7 18. Rc1 Ngf6 19. Na4 b6 20. Nc3 Kf8 21. Ne2 Nh5 22. Qd2 Rh8 23. Ng5 Ndf6 24. Rcf1 Kg7 25. Rhg1 Nf4 26. Nxf4 exf4 27. Qxf4 Rae8 28. Re1 Nd7 29. Qg3 b5 30. cxb5 axb5 31. f4 b4 32. f5 Rh6 33. fxg6 fxg6 34. h5 Nc5 35. hxg6 Qe5 36. Qxe5+ dxe5 37. Rc1 Na6 38. Ne6+ Kf6 39. Rc6 1-0

[Event "European Womens-ch 2025"]
[Site "Rhodes"]
[Date "2025.04.05"]
[Round "6.50"]
[White "Chelushkina, Irina"]
[Black "Caku, Kler"]
[Result "1-0"]
[Annotator "NA"]
[ECO "E05"]
[WhiteElo "2134"]
[BlackElo "2036"]
[PlyCount "117"]
[EventDate "2025.03.29"]
[EventType "swiss"]
[EventCountry "GRE"]
[SourceTitle "playchess.com"]
[Source "ChessBase"]
[SourceQuality "1"]
[TimeControl "40/5400+30:1800+30"]

1. g3 d5 2. Nf3 Nf6 3. Bg2 e6 4. O-O Be7 5. c4 O-O 6. d4 dxc4 7. Qc2 a6 8. a4 c5 9. dxc5 Bxc5 10. Nbd2 Qe7 11. Nxc4 Ra7 12. b4 Bxb4 13. Be3 Bc5 14. Nb6 Bxb6 15. Bxb6 Ra8 16. Bc5 Qc7 17. Rfc1 Re8 18. Qb2 Nc6 19. Nd2 e5 20. Nc4 Be6 21. Bd6 Qd7 22. Nb6 Qxd6 23. Nxa8 Bd5 24. Bxd5 Nxd5 25. Qxb7 Ndb4 26. Rd1 Qf6 27. Nb6 h5 28. Nd5 Nxd5 29. Rxd5 Nd4 30. Qd7 Ra8 31. Qd6 Nxe2+ 32. Kf1 Qf3 33. Ra3 Nc3 34. Rxc3 Qxc3 35. Rxe5 Qc4+ 36. Kg2 Qxa4 37. Rxh5 Qe4+ 38. Kh3 a5 39. Rh4 Qf5+ 40. Kg2 a4 41. Qc6 Qa5 42. Qe4 Rd8 43. Qh7+ Kf8 44. Qh8+ Ke7 45. Re4+ Kd6 46. Qxg7 Qd5 47. f3 Qd2+ 48. Kh3 Kc5 49. Qe5+ Kb6 50. Rxa4 Qd7+ 51. Rg4 Qc8 52. Qb2+ Ka7 53. Kg2 Qa6 54. Qf2+ Ka8 55. Qc2 Re8 56. Qa4 Re2+ 57. Kh3 Qxa4 58. Rxa4+ Kb7 59. Rf4 1-0

[Event "European Womens-ch 2025"]
[Site "Rhodes"]
[Date "2025.04.05"]
[Round "6.51"]
[White "Kiousi, Panagiota"]
[Black "Cornileau, Juliette"]
[Result "0-1"]
[Annotator "ChessBase"]
[ECO "E01"]
[WhiteElo "1998"]
[BlackElo "2130"]
[PlyCount "112"]
[EventDate "2025.03.29"]
[EventType "swiss"]
[EventCountry "GRE"]
[SourceTitle "playchess.com"]
[Source "ChessBase"]
[SourceQuality "1"]
[TimeControl "40/5400+30:1800+30"]

1. d4 Nf6 2. c4 e6 3. Nf3 d5 4. g3 Nc6 5. Nbd2 Be7 6. Bg2 O-O 7. O-O b6 8. cxd5 exd5 9. Qa4 Bd7 10. Qd1 Bf5 11. a3 a5 12. b3 Ne4 13. Bb2 Bf6 14. Ne5 Bxe5 15. dxe5 Nc5 16. Rc1 Qd7 17. Nf3 Be4 18. Ne1 Bxg2 19. Nxg2 Rfe8 20. f4 d4 21. Rc4 Red8 22. Qc2 d3 23. exd3 Qxd3 24. Qxd3 Rxd3 25. b4 axb4 26. axb4 Ra4 27. Ra1 Rxa1+ 28. Bxa1 Nxb4 29. Bd4 Rd1+ 30. Kf2 Nbd3+ 31. Ke2 Rh1 32. h4 Rc1 33. Rxc1 Nxc1+ 34. Ke3 N1b3 35. f5 Kf8 36. Nf4 g6 37. g4 gxf5 38. gxf5 Nxd4 39. Kxd4 c6 40. Nh5 Nd7 41. f6 b5 42. Ng3 b4 43. Ne4 b3 44. Kc3 Nxe5 45. Kxb3 Ke8 46. Kb4 Kd7 47. Kc5 h6 48. Ng3 Ke6 49. Nh5 Kf5 50. Kd6 Kg6 51. Nf4+ Kxf6 52. Nh5+ Kf5 53. Ng3+ Kg4 54. Ne4 Ng6 55. Kxc6 f5 56. h5 Ne5+ 0-1

[Event "European Womens-ch 2025"]
[Site "Rhodes"]
[Date "2025.04.05"]
[Round "6.52"]
[White "Dicen, Elis Denele"]
[Black "Kosma, Maria"]
[Result "1/2-1/2"]
[Annotator "NA"]
[ECO "E06"]
[WhiteElo "2129"]
[BlackElo "1826"]
[PlyCount "137"]
[EventDate "2025.03.29"]
[EventType "swiss"]
[EventCountry "GRE"]
[SourceTitle "playchess.com"]
[Source "ChessBase"]
[SourceQuality "1"]
[TimeControl "40/5400+30:1800+30"]

1. d4 Nf6 2. c4 e6 3. g3 d5 4. Bg2 Be7 5. Nf3 O-O 6. O-O a5 7. Qc2 c6 8. Nbd2 b6 9. e4 c5 10. e5 Nfd7 11. dxc5 bxc5 12. Re1 Nc6 13. b3 Qc7 14. Bb2 d4 15. Nf1 Bb7 16. Qe2 Rfd8 17. h4 a4 18. N1h2 Nb4 19. Red1 axb3 20. axb3 Rxa1 21. Rxa1 Ra8 22. h5 Rxa1+ 23. Bxa1 Qa5 24. Qd1 Qa2 25. Qc1 Qxf2+ 26. Kxf2 Nd3+ 27. Kf1 Nxc1 28. b4 Nb3 29. Bb2 cxb4 30. Nxd4 Bxg2+ 31. Kxg2 Na5 32. Nhf3 Nxc4 33. Bc1 Nc5 34. Nc6 b3 35. Nxe7+ Kf8 36. Nc6 Nd3 37. Bb2 Ncxb2 38. Nd2 Nc1 39. Nd4 Nbd3 40. N2xb3 Nxb3 41. Nxb3 Nxe5 42. Kh3 f5 43. Nd4 Ke7 44. Kh4 Kf6 45. Kh3 Ng4 46. Nf3 e5 47. Kh4 e4 48. Ne1 e3 49. h6 e2 50. hxg7 Nh6 51. Kh3 Kxg7 52. Kg2 Nf7 53. Kf3 Kf6 54. Kxe2 Ng5 55. Ke3 Ne6 56. Nd3 Kg5 57. Ne5 Kf6 58. Nd7+ Kg6 59. Ne5+ Kg5 60. Kf3 Nd4+ 61. Ke3 Nb5 62. Kf3 Nd6 63. Ke3 Kf6 64. Nd7+ Ke7 65. Ne5 Ke6 66. Nf3 Kf6 67. Kf4 h5 68. Nd4 Kg6 69. Nf3 1/2-1/2

[Event "European Womens-ch 2025"]
[Site "Rhodes"]
[Date "2025.04.05"]
[Round "6.53"]
[White "Alexandri, Dimitra"]
[Black "Nadzamova, Viktoria"]
[Result "1/2-1/2"]
[Annotator "NA"]
[ECO "E44"]
[WhiteElo "1995"]
[BlackElo "2122"]
[PlyCount "70"]
[EventDate "2025.03.29"]
[EventType "swiss"]
[EventCountry "GRE"]
[SourceTitle "playchess.com"]
[Source "ChessBase"]
[SourceQuality "1"]
[TimeControl "40/5400+30:1800+30"]

1. d4 Nf6 2. c4 e6 3. Nc3 Bb4 4. e3 b6 5. Nge2 Ne4 6. Bd2 Bxc3 7. Nxc3 Nxd2 8. Qxd2 Bb7 9. Bd3 O-O 10. O-O f5 11. f3 d6 12. e4 f4 13. d5 e5 14. b4 Nd7 15. Na4 Rf6 16. c5 Nf8 17. Rfc1 Rh6 18. Qf2 Qe8 19. Nc3 Qh5 20. h3 Ng6 21. Nb5 Nh4 22. Bf1 Rg6 23. Kh2 bxc5 24. bxc5 Bc8 25. Rc3 Rg3 26. Nxc7 Nxg2 27. Bxg2 Bxh3 28. Qxg3 Bxg2+ 29. Kxg2 fxg3 30. Rh1 Qg5 31. Rc2 Rc8 32. cxd6 Qd8 33. Rc6 Qg5 34. Rc2 Qd8 35. Rc6 Qg5 1/2-1/2

[Event "European Womens-ch 2025"]
[Site "Rhodes"]
[Date "2025.04.05"]
[Round "6.54"]
[White "Golsta, Madara"]
[Black "Koridze, Lile"]
[Result "0-1"]
[Annotator "ChessBase"]
[ECO "B92"]
[WhiteElo "1979"]
[BlackElo "2115"]
[PlyCount "158"]
[EventDate "2025.03.29"]
[EventType "swiss"]
[EventCountry "GRE"]
[SourceTitle "playchess.com"]
[Source "ChessBase"]
[SourceQuality "1"]
[TimeControl "40/5400+30:1800+30"]

1. e4 c5 2. Nf3 d6 3. d4 cxd4 4. Nxd4 Nf6 5. Nc3 a6 6. Be2 e5 7. Nb3 Be6 8. Bg5 Nbd7 9. Nd5 h6 10. Nxf6+ Nxf6 11. Bxf6 Qxf6 12. c4 Qg6 13. O-O Be7 14. Rc1 O-O 15. Bd3 b5 16. Qe2 Rfd8 17. Na5 bxc4 18. Bxc4 Bg5 19. Rcd1 Bf4 20. Nc6 Rd7 21. g3 Bg4 22. f3 Bh3 23. Rfe1 Rc8 24. Bd5 Rdc7 25. Kh1 Bg5 26. Qxa6 Qf6 27. Rd3 Bd7 28. Nb4 Rc5 29. Bb7 Bb5 30. Qxd6 Rc1 31. Qxf6 Rxe1+ 32. Kg2 Bxf6 33. Bxc8 Bxd3 34. Nxd3 Re2+ 35. Kf1 Rc2 36. Ba6 Bg5 37. Nxe5 Bf6 38. Nd3 Bxb2 39. h4 Ba3 40. Ne5 Bd6 41. f4 Bxe5 42. fxe5 Rxa2 43. Bc4 Rc2 44. Bd5 Kf8 45. e6 f6 46. Kg1 g6 47. g4 Ke7 48. h5 gxh5 49. gxh5 Rd2 50. Kh1 Kd6 51. Kg1 f5 52. Bb7 Rb2 53. Bd5 Rb5 54. Kf2 fxe4 55. Bxe4 Rxh5 56. Bg2 Kxe6 57. Kg3 Ra5 58. Kh4 Rg5 59. Bf3 Kf5 60. Bb7 Kf4 61. Bc6 Rc5 62. Bb7 Rc2 63. Kh3 h5 64. Bd5 Kg5 65. Be6 Rc3+ 66. Kh2 h4 67. Bd7 Rd3 68. Bc8 Rd8 69. Be6 Kf6 70. Bg4 Ke5 71. Kh3 Kf4 72. Be2 Rd2 73. Bb5 Rd1 74. Bc6 Rd3+ 75. Kh2 Kg4 76. Bb7 Rd2+ 77. Kg1 Kg3 78. Ba6 Rd1+ 79. Bf1 Rc1 0-1

[Event "European Womens-ch 2025"]
[Site "Rhodes"]
[Date "2025.04.05"]
[Round "6.55"]
[White "Nahapetyan, Ani"]
[Black "Heinatz, Gundula"]
[Result "0-1"]
[Annotator "NA"]
[ECO "B06"]
[WhiteElo "1887"]
[BlackElo "2111"]
[PlyCount "106"]
[EventDate "2025.03.29"]
[EventType "swiss"]
[EventCountry "GRE"]
[SourceTitle "playchess.com"]
[Source "ChessBase"]
[SourceQuality "1"]
[TimeControl "40/5400+30:1800+30"]

1. e4 g6 2. d4 Bg7 3. Nf3 d6 4. Nc3 a6 5. a4 Nc6 6. Be3 Bg4 7. Be2 e5 8. d5 Bxf3 9. Bxf3 Nd4 10. Bxd4 exd4 11. Ne2 Qf6 12. Qd3 Ne7 13. O-O O-O 14. b4 c6 15. Rfd1 Qg5 16. Rab1 cxd5 17. Nxd4 Rac8 18. c3 Rc7 19. b5 a5 20. b6 Rc5 21. Ne2 Nc6 22. exd5 Ne5 23. Qe3 Qxe3 24. fxe3 Bh6 25. Kf2 Re8 26. e4 Nc4 27. Ng3 Nd2 28. Rb2 Nxf3 29. gxf3 Rxc3 30. Rb5 Rc2+ 31. Ne2 f5 32. Rxa5 fxe4 33. fxe4 Rxe4 34. Ra8+ Kg7 35. Re1 Re7 36. Kf1 Be3 37. Rd8 Rf7+ 38. Kg2 Bf2 39. Rf1 Rxe2 40. Kh1 Bc5 41. Rxf7+ Kxf7 42. a5 Ra2 43. Rd7+ Kf6 44. Rxb7 Rxa5 45. Rd7 Rb5 46. b7 Ke5 47. Rxh7 Kxd5 48. Rg7 Kc6 49. Rxg6 Rxb7 50. Kg2 Rb2+ 51. Kg3 Kd5 52. h4 Bf2+ 53. Kh3 Rb3+ 0-1

[Event "European Womens-ch 2025"]
[Site "Rhodes"]
[Date "2025.04.05"]
[Round "6.56"]
[White "Chasouraki, Chrysi"]
[Black "Grapsa, Georgia"]
[Result "1/2-1/2"]
[Annotator "ChessBase"]
[ECO "B48"]
[WhiteElo "1843"]
[BlackElo "2065"]
[PlyCount "83"]
[EventDate "2025.03.29"]
[EventType "swiss"]
[EventCountry "GRE"]
[SourceTitle "playchess.com"]
[Source "ChessBase"]
[SourceQuality "1"]
[TimeControl "40/5400+30:1800+30"]

1. e4 c5 2. Nf3 e6 3. d4 cxd4 4. Nxd4 Nc6 5. Nc3 Qc7 6. Be3 a6 7. Bd3 Nf6 8. Qe2 b5 9. Nxc6 dxc6 10. O-O Bd6 11. f4 e5 12. f5 Bb7 13. g4 h6 14. a4 Qe7 15. h4 Bc5 16. Nd1 h5 17. g5 Ng4 18. Bxc5 Qxc5+ 19. Kh1 g6 20. Rf3 O-O-O 21. Ra3 Rd7 22. axb5 axb5 23. Ne3 Kb8 24. Rg3 Nxe3 25. Qxe3 Qxe3 26. Rxe3 gxf5 27. exf5 c5+ 28. Kg1 c4 29. Be4 Rd1+ 30. Kg2 Rd2+ 31. Kf3 Rxc2 32. Bxb7 Kxb7 33. Rxe5 Rxb2 34. Re7+ Kb6 35. Rxf7 b4 36. Raa7 Rd8 37. Rfb7+ Kc6 38. Rc7+ Kb6 39. Rab7+ Ka6 40. Ra7+ Kb6 41. Rab7+ Ka6 42. Ra7+ 1/2-1/2

[Event "European Womens-ch 2025"]
[Site "Rhodes"]
[Date "2025.04.05"]
[Round "6.57"]
[White "Berke, Ana"]
[Black "Valkova, Angelika"]
[Result "1/2-1/2"]
[Annotator "NA"]
[ECO "C07"]
[WhiteElo "2119"]
[BlackElo "2001"]
[PlyCount "112"]
[EventDate "2025.03.29"]
[EventType "swiss"]
[EventCountry "GRE"]
[SourceTitle "playchess.com"]
[Source "ChessBase"]
[SourceQuality "1"]
[TimeControl "40/5400+30:1800+30"]

1. e4 e6 2. d4 d5 3. Nd2 c5 4. Ngf3 cxd4 5. Nxd4 Nc6 6. Bb5 Bd7 7. Nxc6 bxc6 8. Bd3 Bd6 9. Qe2 Qc7 10. Nf3 f6 11. exd5 cxd5 12. Nd4 Bb4+ 13. Bd2 Bxd2+ 14. Qxd2 Qe5+ 15. Be2 Ne7 16. O-O O-O 17. Rfe1 Qd6 18. Nb5 Bxb5 19. Bxb5 Rab8 20. Qe2 e5 21. Rad1 Qb4 22. c4 Nf5 23. a3 Qa5 24. Rxd5 Nd4 25. Qf1 Rfd8 26. Bc6 Rxd5 27. Bxd5+ Kf8 28. b4 Qxa3 29. b5 Qc5 30. Qd3 g6 31. h4 Rd8 32. Rd1 Kg7 33. h5 Nf5 34. Qh3 Rd6 35. Ra1 Ne7 36. h6+ Kf8 37. Qf3 f5 38. Qe2 Qd4 39. Rd1 Qc3 40. Rd3 Qa1+ 41. Rd1 Qc3 42. Qa2 Nxd5 43. cxd5 Qc5 44. g3 Kf7 45. Qb3 Kf6 46. Qa4 g5 47. g4 Kg6 48. Kg2 Kxh6 49. Qa1 Qc4 50. Rh1+ Kg6 51. gxf5+ Kxf5 52. Qb1+ Qe4+ 53. Qxe4+ Kxe4 54. Rxh7 Rxd5 55. Rxa7 Rxb5 56. Rf7 Rb3 1/2-1/2

[Event "European Womens-ch 2025"]
[Site "Rhodes"]
[Date "2025.04.05"]
[Round "6.58"]
[White "Tsetskhladze, Mariam"]
[Black "Alexandri, Vasiliki"]
[Result "1/2-1/2"]
[Annotator "NA"]
[ECO "B13"]
[WhiteElo "2105"]
[BlackElo "1927"]
[PlyCount "65"]
[EventDate "2025.03.29"]
[EventType "swiss"]
[EventCountry "GRE"]
[SourceTitle "playchess.com"]
[Source "ChessBase"]
[SourceQuality "1"]
[TimeControl "40/5400+30:1800+30"]

1. e4 c6 2. d4 d5 3. exd5 cxd5 4. Bd3 Nc6 5. c3 Nf6 6. Nf3 Bg4 7. Qb3 Qc7 8. Be2 e6 9. O-O Bd6 10. h3 Bh5 11. Re1 O-O 12. Nbd2 Rab8 13. Qd1 b5 14. b3 Rfc8 15. Bb2 Qb6 16. Rc1 a5 17. Ne5 Bxe2 18. Qxe2 a4 19. Ndf3 Bxe5 20. Nxe5 Nxe5 21. Qxe5 axb3 22. axb3 Ra8 23. Ra1 Ne4 24. Qf4 Qb7 25. Qe3 Qc6 26. Rac1 Ra2 27. Re2 Qa6 28. Qd3 Qa5 29. Rcc2 Nd6 30. Qg3 Ne4 31. Qd3 Nd6 32. Qg3 Ne4 33. Qd3 1/2-1/2

[Event "European Womens-ch 2025"]
[Site "Rhodes"]
[Date "2025.04.05"]
[Round "6.59"]
[White "Acarbay, Algi"]
[Black "Golsta, Ramona"]
[Result "0-1"]
[Annotator "NA"]
[ECO "B31"]
[WhiteElo "2052"]
[BlackElo "1943"]
[PlyCount "86"]
[EventDate "2025.03.29"]
[EventType "swiss"]
[EventCountry "GRE"]
[SourceTitle "playchess.com"]
[Source "ChessBase"]
[SourceQuality "1"]
[TimeControl "40/5400+30:1800+30"]

1. e4 c5 2. a4 Nc6 3. Bb5 d6 4. Bxc6+ bxc6 5. f4 Nf6 6. d3 g6 7. Nf3 Bg7 8. O-O O-O 9. Nbd2 Rb8 10. Rb1 Ba6 11. b3 Nd7 12. Qe2 d5 13. e5 e6 14. Ba3 Qc7 15. Rbe1 Rfe8 16. Kh1 Bf8 17. Bc1 Rb4 18. c4 Qd8 19. Ba3 Rb7 20. Qf2 Qe7 21. g4 Reb8 22. Rb1 Bg7 23. g5 Bf8 24. h4 Qd8 25. Nh2 Qa5 26. Rfc1 Nb6 27. Ng4 Nd7 28. h5 Bg7 29. Nf6+ Nxf6 30. gxf6 Bf8 31. Qe2 Qc7 32. Rg1 Qd7 33. Bb2 Rxb3 34. Nxb3 Rxb3 35. Qc2 dxc4 36. hxg6 Qd5+ 37. Qg2 fxg6 38. Qxd5 cxd5 39. dxc4 Bxc4 40. Kg2 Bd3 41. Kf2 Bxb1 42. Rxb1 c4 43. f5 Kf7 0-1